 Dungeon Crawl Stone Soup version 0.28.0-45-g0d030f2227 (webtiles) character file.

Game seed: 5069860442100116892

69967 croobank the Peltast (level 15, -5/120 HPs)
             Began as a Gnoll Fighter on Apr 15, 2022.
             Was the Champion of Okawaru.
             Killed from afar by a swamp worm (18 damage)
             ... with a harpoon shot
             ... on level 2 of the Lair of Beasts.
             The game lasted 01:30:46 (17757 turns).

croobank the Peltast (Gnoll Fighter)               Turns: 17757, Time: 01:30:58

Health: -5/120     AC: 16    Str: 25    XL:     15   Next: 31%
Magic:  25/29      EV: 19    Int: 14    God:    Okawaru [******]
Gold:   1168       SH: 12    Dex: 22    Spells: 10/34 levels left

rFire   + . .      SeeInvis .   a - +5 war axe
rCold   . . .      Faith    .   O - +3 buckler "Fibbut" {Dex+4}
rNeg    + . .      Spirit   .   Z - +1 robe of Vines {NoPotionHeal Regen++++}
rPois   +          Reflect  .   e - +2 helmet
rElec   .          Harm     .   t - +1 cloak {Stlth+}
rCorr   .          Rampage  .   F - +3 pair of gauntlets of War {Slay+5}
Will    +++..                   m - +0 pair of boots
Stlth   +++++.....              z - macabre finger necklace {rN+}
HPRegen 3.50/turn               V - ring of Xel Dey {Will+ Dex+6}
MPRegen 0.21/turn               X - ring "Syluqed" {rPois rF+ Str+3 Int+6 Stlth-}
                                s - ring of willpower

@: lethally poisoned (-5 -> -7), flying, studying 2 skills
A: fangs 1, strong nose, distributed training
a: Renounce Religion, Heroism, Finesse, Duel


You were on level 2 of the Lair of Beasts.
You worshipped Okawaru.
Okawaru was exalted by your worship.
You visited 3 branches of the dungeon, and saw 19 of its levels.
You also visited: Gauntlet.

You collected 1333 gold pieces.
You spent 165 gold pieces at shops.

Inventory:

Hand Weapons
 a - a +5 war axe (weapon)
 d - a +7 long sword of holy wrath
 i - the +6 lajatang "Zapydan" {pain, rC+ Will+}
   (Okawaru gifted it to you on level 3 of the Lair of Beasts)

   In the hands of one skilled in necromantic magic, it inflicts extra damage on
   living creatures.
   rC:        It protects you from cold.
   Will:      It increases your willpower.
 E - a +3 morningstar of freezing
 M - a +4 battleaxe
Missiles
 A - 3 boomerangs of dispersal
 U - 8 throwing nets (quivered)
Armour
 b - the +0 chain mail of the Crypt {*Slow rCorr Str+3 Dex+8 SInv}
   (Okawaru gifted it to you on level 5 of the Lair of Beasts)

   Str:       It affects your strength (+3).
   Dex:       It affects your dexterity (+8).
   SInv:      It lets you see invisible.
   rCorr:     It protects you from acid and corrosion.
   *Slow:     It may slow you when you take damage.
 e - a +2 helmet (worn)
 h - +2 shadow dragon scales
 m - a +0 pair of boots (worn)
 t - a +1 cloak of stealth (worn)
 F - the +3 pair of gauntlets of War (worn) {Slay+5}
   (You found it on level 12 of the Dungeon)

   Slay:      It affects your accuracy & damage with ranged weapons and melee
   (+5).
 I - a +1 plate armour of willpower
 O - the +3 buckler "Fibbut" (worn) {Dex+4}
   (Okawaru gifted it to you on level 10 of the Dungeon)

   Dex:       It affects your dexterity (+4).
 Z - the +1 robe of Vines (worn) {NoPotionHeal Regen++++}
   (You found it on level 9 of the Dungeon)

   Its wearer cannot be healed by potions.
   Regen:     It increases your rate of health regeneration.
Jewellery
 c - a +4 ring of evasion
 l - an amulet of regeneration
 n - a ring of positive energy
 p - a ring of ice
 s - a ring of willpower (on amulet)
 u - a ring of protection from fire
 z - the macabre finger necklace (around neck) {rN+}
   (You took it off a minotaur in a Gauntlet)

   [amulet of nothing]

   It enables you to equip an extra ring.
   rN:        It protects you from negative energy.
 H - a +4 ring of protection
 T - a ring of poison resistance
 V - the ring of Xel Dey (left hand) {Will+ Dex+6}
   (You found it in a Gauntlet)

   [ring of dexterity]

   Dex:       It affects your dexterity (+6).
   Will:      It increases your willpower.
 X - the ring "Syluqed" (right hand) {rPois rF+ Str+3 Int+6 Stlth-}
   (You acquired it on level 2 of the Lair of Beasts)

   [ring of intelligence]

   Str:       It affects your strength (+3).
   Int:       It affects your intelligence (+6).
   rF:        It protects you from fire.
   rPois:     It protects you from poison.
   Stlth:     It makes you less stealthy.
Wands
 D - a wand of digging (1)
 G - a wand of flame (17)
 J - a wand of paralysis (10)
 K - a wand of acid (9)
 P - a wand of iceblast (15)
 S - a wand of mindburst (29)
Scrolls
 o - a scroll of magic mapping
 v - 6 scrolls of identify
 y - 4 scrolls of teleportation
 C - a scroll of holy word
 W - 2 scrolls of fear
Potions
 f - a potion of haste
 g - 3 potions of heal wounds
 j - a potion of might
 k - 2 potions of brilliance
 q - 2 potions of mutation
 x - 2 potions of ambrosia
 B - 2 potions of resistance
 Q - 2 potions of magic
 R - 2 potions of curing
 Y - a potion of cancellation
Miscellaneous
 r - a phial of floods
 w - a box of beasts


   Skills:
 + Level 11.9 Fighting
 + Level 10.0 Short Blades
 + Level 10.0 Long Blades
 + Level 11.0 Axes
 + Level 10.0 Maces & Flails
 + Level 10.0 Polearms
 + Level 10.0 Staves
 + Level 10.0 Slings
 + Level 10.0 Bows
 + Level 10.0 Crossbows
 + Level 10.0 Throwing
 + Level 11.9 Armour
 + Level 10.0 Dodging
 + Level 10.0 Stealth
 + Level 15.2 Shields
 + Level 10.0 Unarmed Combat
 + Level 10.0 Spellcasting
 + Level 8.4 Conjurations
 + Level 8.4 Hexes
 + Level 8.4 Summonings
 + Level 8.4 Necromancy
 + Level 8.4 Translocations
 + Level 8.4 Transmutations
 + Level 8.4 Fire Magic
 + Level 8.4 Ice Magic
 + Level 8.4 Air Magic
 + Level 8.4 Earth Magic
 + Level 8.4 Poison Magic
 + Level 10.9 Invocations
 + Level 13.9 Evocations


You had 10 spell levels left.
You knew the following spells:

 Your Spells              Type           Power      Damage    Failure   Level
a - Corpse Rot            Necr/Air       60%        N/A       1%          2
b - Scorch                Fire           60%        2d8       1%          2
c - Flame Wave            Conj/Fire      30%        2d8       3%          4
d - Poisonous Vapours     Pois/Air       60%        N/A       1%          2
e - Wereblood             Tmut           30%        N/A       1%          2
f - Sublimation of Blood  Necr           30%        N/A       1%          2
g - Alistair's Intoxicat  Tmut/Pois      20%        N/A       11%         5
h - Borgnjor's Vile Clut  Necr/Erth      15%        N/A       11%         5

Your spell library contained the following spells:

 Spells                   Type           Power      Damage    Failure   Level
 Blink                    Tloc           60%        N/A       1%          2
 Frozen Ramparts          Ice            60%        1d8       1%          3
 Ice Form                 Ice/Tmut       30%        N/A       3%          4
 Manifold Assault         Tloc           30%        N/A       11%         5
 Eringya's Noxious Bog    Tmut/Pois      15%        N/A       50%         6
 Storm Form               Tmut/Air       15%        N/A       97%         7
 Animate Dead             Necr           Unusable   N/A       N/A         4
 Summon Ice Beast         Ice/Summ       Unusable   N/A       N/A         4
 Death Channel            Necr           Unusable   N/A       N/A         6
 Summon Cactus Giant      Summ           Unusable   N/A       N/A         6
 Summon Hydra             Summ           Unusable   N/A       N/A         7

Dungeon Overview and Level Annotations

Branches:
Dungeon (12/15)            Temple (1/1) D:6            Lair (6/6) D:10
  Swamp (0/4) Lair:3        Snake (0/4) Lair:2        Slime (0/5) Lair:6
    Orc (0/2) D:11        Gauntlet (visited)

Altars:
Ashenzari
Cheibriados
Elyvilon
Fedhas
Gozag
Hepliaklqana
Kikubaaqudgha
Makhleb
Nemelex Xobeh
Okawaru
Qazlal
Ru
Sif Muna
Trog
Wu Jian
Xom
Yredelemnul
Zin
The Shining One

Shops:
D:1 (   D:5 !   D:11 *

Annotations:
D:5 3 runed translucent doors, SuperSeabass's ghost, novice PaAK
Lair:2 1 transporter


Innate Abilities, Weirdness & Mutations

You have very sharp teeth.
Your uncanny sense of smell can sniff out nearby items.
Your experience applies equally to all skills.


Message History

The swamp worm fires a harpoon shot at you.
The harpoon shot hits you.
* * * LOW HITPOINT WARNING * * *
You are yanked forward by the harpoon shot.
Okay, then.
Blink to where?
Press: ? - help, Dir - move target, p - swamp worm Really blink into that cloud of foul pestilence?
Okay, then.
Blink to where?
Press: ? - help, Dir - move target
As you read the scroll of blinking, it crumbles to dust.
The zombie hands constrict the swamp worm!
You kill the swamp worm!
Okawaru accepts your kill.
Casting: Borgnjor's Vile Clutch (dangerous; 11% risk of failure)
Confirm with . or Enter, or press ? or * to list all spells.
Okay, then.
Unknown command.
Casting: Borgnjor's Vile Clutch (dangerous; 11% risk of failure)
Confirm with . or Enter, or press ? or * to list all spells.
Okay, then.
Okay, then.
Okay, then.
Blink to where?
Press: ? - help, Dir - move target
As you read the scroll of blinking, it crumbles to dust.
You are engulfed in dark miasma.
* * * LOW HITPOINT WARNING * * *
The swamp worm fires a harpoon shot at you.
You block the harpoon shot.
The swamp worm fires a harpoon shot at you.
You block the harpoon shot.
You reach down and open the door.
You are engulfed in dark miasma.
You are poisoned.
* * * LOW HITPOINT WARNING * * *
You feel extremely sick.
The swamp worm fires a harpoon shot at you.
The harpoon shot hits you!!
You die...

........###.### ##..........
.....#........## #...........
.#..###..##(...#### #........[..
....###...........#####..........
.....##..#########.#.##........[.
.........#♣#†#w#w#...............
#.......##≈≈≈#≈≈≈####............
........#...§☼PPP#$=#........<...
.......©#©^^^^^^@'(©#©...........
........#....P§PP#/[#......P.....
........##≈≈≈≈#≈≈####............
.........##w#♣#w##...........####
##.......#########........#...##
##.#..##......................##
#..######.PP...............#...#
##..(# ##..................#...
.##..## ##.................###..


You could see 4 swamp worms.

Vanquished Creatures
  A minotaur (Gauntlet)
  3 dire elephants (Lair:6)
  2 boulder beetles
  Harold (Lair:2)
  7 hydras
  A two-headed ogre (D:11)
  A catoblepas (Gauntlet)
  23 death yaks
  A spectral dire elephant (Lair:6)
  A spectral anaconda (Lair:6)
  A bog body (Lair:3)
  An obsidian statue (Lair:6)
  3 necromancers (Lair:6)
  A deep elf pyromancer (D:12)
  A cyclops (D:12)
  2 manticores
  20 elephants
  3 gargoyles
  3 black mambas
  12 cane toads
  2 molten gargoyles (Gauntlet)
  5 torpor snails
  8 komodo dragons
  A kobold demonologist (D:12)
  2 rime drakes
  3 trolls
  5 polar bears
  3 hornets
  A spectral elephant (Lair:6)
  Grinder (D:3)
  4 blink frogs (Lair:2)
  8 slime creatures
  Sigmund (D:3)
  A shadow (D:11)
  A wraith (D:11)
  A vampire (D:11)
  3 wyverns
  2 basilisks
  36 yaks
  A steam dragon (D:7)
  7 vampire mosquitoes
  2 death yak simulacra (Lair:6)
  3 spectral cane toads (Lair:6)
  A swamp worm (Lair:2)
  An acid dragon (D:9)
  2 nagas (Lair:2)
  18 water moccasins
  A sky beast (Temple)
  7 orc warriors
  7 black bears
  A necrophage (D:6)
  22 wolves
  An elephant skeleton (Lair:6)
  An ice beast (D:7)
  4 centaurs
  6 kobold brigands
  5 gnoll sergeants
  16 bullfrogs
  4 scorpions
  2 cane toad simulacra (Lair:6)
  2 jellies
  7 killer bees (D:10)
  3 electric eels
  19 wights
  5 centaur zombies
  4 howler monkeys
  2 bullfrog zombies (D:5)
  12 orc priests
  2 bullfrog skeletons (D:6)
  A centaur skeleton (D:6)
  2 gnoll shamans (D:8)
  7 hounds
  3 iguanas
  7 hell rats (Lair:4)
  16 orc wizards
  3 howler monkey zombies
  35 gnolls
  6 adders
  A white imp (D:6)
  An ufetubus (D:5)
  2 worms (D:4)
  9 dart slugs
  49 orcs
  3 ball pythons
  6 bats
  5 endoplasms
  4 giant cockroaches
  9 hobgoblins
  21 jackals
  13 kobolds
  4 quokkas
  7 frilled lizards
  10 goblins
  4 rats
  6 briar patches (Lair:2)
  A bush (Lair:2)
579 creatures vanquished.

Vanquished Creatures (others)
  An orc wizard (D:8)
  2 briar patches (Lair:2)
  53 fungi
  42 plants
  15 withered plants (Lair:6)
113 creatures vanquished.

Grand Total: 692 creatures vanquished

Notes
Turn   | Place    | Note
-------+----------+-------------------------------------------
     0 | D:1      | croobank the Gnoll Fighter began the quest for the Orb.
     0 | D:1      | Reached XP level 1. HP: 23/23 MP: 1/1
     9 | D:1      | Found Okhlut's Weapon Shoppe.
   137 | D:1      | Reached XP level 2. HP: 29/29 MP: 2/2
   508 | D:1      | Reached XP level 3. HP: 35/35 MP: 3/3
   888 | D:2      | Reached skill level 1 in Invocations
  1070 | D:2      | Reached skill level 1 in Short Blades
  1070 | D:2      | Reached skill level 1 in Long Blades
  1070 | D:2      | Reached skill level 1 in Maces & Flails
  1070 | D:2      | Reached skill level 1 in Polearms
  1070 | D:2      | Reached skill level 1 in Staves
  1070 | D:2      | Reached skill level 1 in Slings
  1070 | D:2      | Reached skill level 1 in Bows
  1070 | D:2      | Reached skill level 1 in Crossbows
  1070 | D:2      | Reached skill level 1 in Throwing
  1070 | D:2      | Reached skill level 1 in Dodging
  1070 | D:2      | Reached skill level 1 in Stealth
  1070 | D:2      | Reached skill level 1 in Unarmed Combat
  1070 | D:2      | Reached skill level 1 in Spellcasting
  1070 | D:2      | Reached skill level 1 in Evocations
  1076 | D:2      | Reached XP level 4. HP: 33/41 MP: 5/5
  1182 | D:2      | Identified 2 scrolls of acquirement
  1182 | D:2      | Acquired a manual of Evocations
  1271 | D:2      | Acquired a manual of Shields
  1922 | D:3      | Noticed Grinder
  1929 | D:3      | Paralysed by Grinder for 3 turns
  1935 | D:3      | Killed Grinder
  1936 | D:3      | Reached skill level 7 in Shields
  1936 | D:3      | Reached skill level 1 in Conjurations
  1936 | D:3      | Reached skill level 1 in Hexes
  1936 | D:3      | Reached skill level 1 in Summonings
  1936 | D:3      | Reached skill level 1 in Necromancy
  1936 | D:3      | Reached skill level 1 in Translocations
  1936 | D:3      | Reached skill level 1 in Transmutations
  1936 | D:3      | Reached skill level 1 in Fire Magic
  1936 | D:3      | Reached skill level 1 in Ice Magic
  1936 | D:3      | Reached skill level 1 in Air Magic
  1936 | D:3      | Reached skill level 1 in Earth Magic
  1936 | D:3      | Reached skill level 1 in Poison Magic
  1936 | D:3      | Reached XP level 5. HP: 23/47 MP: 5/7
  1936 | D:3      | Reached XP level 6. HP: 26/53 MP: 5/8
  2123 | D:3      | Noticed Sigmund
  2207 | D:3      | Killed Sigmund
  2208 | D:3      | Reached skill level 5 in Axes
  2214 | D:3      | Reached XP level 7. HP: 30/59 MP: 8/10
  3041 | D:4      | Identified the +3 chain mail "Jaox" {rElec rN+ Regen+
                  | Str+2}
  3242 | D:4      | Found a bloodstained altar of Trog.
  3633 | D:5      | Entered Level 5 of the Dungeon
  3798 | D:5      | Reached XP level 8. HP: 67/67 MP: 12/12
  3822 | D:5      | Found Zeri's Distillery.
  3830 | D:5      | Bought a potion of haste for 110 gold pieces
  3830 | D:5      | Bought a potion of heal wounds for 55 gold pieces
  3958 | D:5      | Found a runed translucent gate.
  3958 | D:5      | Found a runed translucent gate.
  3960 | D:5      | Found a runed translucent gate.
  3960 | D:5      | Noticed SuperSeabass's ghost (novice PaAK)
  4105 | D:5      | Reached skill level 8 in Shields
  4450 | D:6      | Noticed a wyvern
  4453 | D:6      | Found a staircase to the Ecumenical Temple.
  4462 | Temple   | Entered the Ecumenical Temple
  4484 | Temple   | Became a worshipper of Warmaster Okawaru
  4502 | D:6      | Killed a wyvern
  4503 | D:6      | Reached skill level 5 in Evocations
  4593 | D:6      | Reached XP level 9. HP: 72/72 MP: 14/14
  4828 | D:6      | Reached * piety under Okawaru
  4830 | D:6      | Noticed a hornet
  4933 | D:6      | Killed a hornet
  4997 | D:6      | Reached skill level 9 in Shields
  5221 | D:7      | Reached ** piety under Okawaru
  5448 | D:7      | Noticed a manticore
  5461 | D:7      | Killed a manticore
  5462 | D:7      | Reached skill level 5 in Invocations
  5703 | D:7      | Reached *** piety under Okawaru
  5730 | D:7      | Reached XP level 10. HP: 80/80 MP: 17/17
  5885 | D:7      | Reached skill level 5 in Short Blades
  5885 | D:7      | Reached skill level 5 in Long Blades
  5885 | D:7      | Reached skill level 5 in Maces & Flails
  5885 | D:7      | Reached skill level 5 in Polearms
  5885 | D:7      | Reached skill level 5 in Staves
  5885 | D:7      | Reached skill level 5 in Slings
  5885 | D:7      | Reached skill level 5 in Bows
  5885 | D:7      | Reached skill level 5 in Crossbows
  5885 | D:7      | Reached skill level 5 in Throwing
  5885 | D:7      | Reached skill level 5 in Dodging
  5885 | D:7      | Reached skill level 5 in Stealth
  5885 | D:7      | Reached skill level 5 in Unarmed Combat
  5885 | D:7      | Reached skill level 5 in Spellcasting
  6085 | D:7      | Reached skill level 10 in Shields
  6177 | D:7      | Reached **** piety under Okawaru
  6588 | D:8      | Paralysed by a hornet for 3 turns
  6736 | D:8      | Identified the +1 leather armour of Reason {Rampage Int+6}
  6764 | D:8      | Reached ***** piety under Okawaru
  6764 | D:8      | Received a gift from Okawaru
  7522 | D:9      | Received a gift from Okawaru
  7523 | D:9      | Reached XP level 11. HP: 85/87 MP: 19/19
  7545 | D:9      | Found the +1 robe of Vines {NoPotionHeal Regen++++}
  7546 | D:9      | Noticed a six-headed hydra
  7567 | D:9      | HP: 3/87 [six-headed hydra (6)]
  7674 | D:9      | Killed a six-headed hydra
  7675 | D:9      | Reached skill level 5 in Conjurations
  7675 | D:9      | Reached skill level 5 in Hexes
  7675 | D:9      | Reached skill level 5 in Summonings
  7675 | D:9      | Reached skill level 5 in Necromancy
  7675 | D:9      | Reached skill level 5 in Translocations
  7675 | D:9      | Reached skill level 5 in Transmutations
  7675 | D:9      | Reached skill level 5 in Fire Magic
  7675 | D:9      | Reached skill level 5 in Ice Magic
  7675 | D:9      | Reached skill level 5 in Air Magic
  7675 | D:9      | Reached skill level 5 in Earth Magic
  7675 | D:9      | Reached skill level 5 in Poison Magic
  8481 | D:10     | Entered Level 10 of the Dungeon
  8512 | D:10     | Reached skill level 11 in Shields
  8663 | D:10     | Received a gift from Okawaru
  8712 | D:10     | Found a staircase to the Lair.
  8941 | D:10     | Identified the +3 buckler "Fibbut" {Dex+4} (Okawaru gifted
                  | it to you on level 10 of the Dungeon)
  8941 | D:10     | Received a gift from Okawaru
  9369 | D:11     | Found Lestreeq's General Store.
  9476 | D:11     | Noticed a manticore
  9493 | D:11     | Killed a manticore
  9515 | D:11     | Learned a level 2 spell: Corpse Rot
  9538 | D:11     | Found a staircase to the Orcish Mines.
  9775 | D:11     | Noticed a boulder beetle
  9779 | D:11     | Noticed a two-headed ogre
  9801 | D:11     | Killed a two-headed ogre
  9850 | D:11     | Killed a boulder beetle
 10034 | D:11     | Reached XP level 12. HP: 96/96 MP: 22/22
 10540 | D:12     | Reached skill level 10 in Evocations
 10674 | D:12     | Reached skill level 12 in Shields
 11038 | D:12     | Found the +3 pair of gauntlets of War {Slay+5}
 11389 | D:12     | Learned a level 2 spell: Scorch
 11394 | D:12     | Learned a level 4 spell: Flame Wave
 11397 | D:12     | Learned a level 2 spell: Poisonous Vapours
 11400 | D:12     | Learned a level 2 spell: Wereblood
 11403 | D:12     | Learned a level 2 spell: Sublimation of Blood
 11459 | D:12     | Reached ****** piety under Okawaru
 11773 | Lair:1   | Entered Level 1 of the Lair of Beasts
 11773 | Lair:1   | Noticed a five-headed hydra
 11779 | Lair:1   | Received a gift from Okawaru
 11795 | Lair:1   | Killed a five-headed hydra
 11812 | Lair:1   | Reached skill level 10 in Fighting
 11812 | Lair:1   | Reached skill level 10 in Armour
 12003 | Lair:1   | Found a snail-covered altar of Cheibriados.
 12735 | Lair:2   | Noticed Harold
 12747 | Lair:2   | Reached XP level 13. HP: 99/103 MP: 24/24
 12749 | Lair:2   | Killed Harold
 12855 | Lair:2   | Reached skill level 13 in Shields
 12873 | Lair:2   | Found a transporter.
 12885 | Lair:2   | Acquired the ring "Syluqed" {rPois rF+ Str+3 Int+6 Stlth-}
 12959 | Lair:2   | Received a gift from Okawaru
 12977 | Lair:2   | Found a white marble altar of Elyvilon.
 12988 | Lair:2   | Found a staircase to the Snake Pit.
 13057 | Lair:2   | Found a transporter.
 13741 | Lair:3   | Received a gift from Okawaru
 13869 | Lair:3   | Identified the +6 lajatang "Zapydan" {pain, rC+ Will+}
                  | (Okawaru gifted it to you on level 3 of the Lair of Beasts)
 13869 | Lair:3   | Received a gift from Okawaru
 13870 | Lair:3   | Found a staircase to the Swamp.
 15015 | Lair:5   | Identified the +0 chain mail of the Crypt {*Slow rCorr
                  | Str+3 Dex+8 SInv} (Okawaru gifted it to you on level 5 of
                  | the Lair of Beasts)
 15015 | Lair:5   | Received a gift from Okawaru
 15016 | Lair:5   | Reached skill level 10 in Axes
 15016 | Lair:5   | Reached XP level 14. HP: 113/113 MP: 26/26
 15774 | Lair:5   | Reached skill level 14 in Shields
 15986 | Lair:6   | Entered Level 6 of the Lair of Beasts
 16039 | Lair:6   | Reached skill level 10 in Invocations
 16094 | Lair:6   | Found a gate leading to a gauntlet.
 16135 | Lair:6   | Found a staircase to the Slime Pits.
 16238 | Gauntlet | Entered a Gauntlet
 16238 | Gauntlet | Found a transporter.
 16238 | Gauntlet | Found a transporter.
 16244 | Gauntlet | Found a transporter.
 16273 | Gauntlet | Found a transporter.
 16335 | Gauntlet | Found a transporter.
 16381 | Gauntlet | Identified the ring of Xel Dey {Will+ Dex+6}
 16395 | Gauntlet | Found a transporter.
 16475 | Gauntlet | Learned a level 5 spell: Alistair's Intoxication
 16481 | Gauntlet | Learned a level 5 spell: Borgnjor's Vile Clutch
 16562 | Lair:6   | Received a gift from Okawaru
 16671 | Lair:6   | Noticed a dire elephant
 16672 | Lair:6   | Noticed a dire elephant
 16672 | Lair:6   | Noticed a dire elephant
 16954 | Lair:6   | Reached XP level 15. HP: 120/120 MP: 28/28
 17035 | Lair:6   | Identified the +2 longbow "X" {vorpal, rElec Str+6 Int-2
                  | Dex+7} (Okawaru gifted it to you on level 6 of the Lair of
                  | Beasts)
 17035 | Lair:6   | Received a gift from Okawaru
 17123 | Lair:6   | Reached skill level 15 in Shields
 17356 | Lair:6   | Found the +4 Cigotuvi's embrace {rMiasma Drain rN+}
 17458 | Lair:6   | Reached skill level 10 in Short Blades
 17458 | Lair:6   | Reached skill level 10 in Long Blades
 17458 | Lair:6   | Reached skill level 10 in Maces & Flails
 17458 | Lair:6   | Reached skill level 10 in Polearms
 17458 | Lair:6   | Reached skill level 10 in Staves
 17458 | Lair:6   | Reached skill level 10 in Slings
 17458 | Lair:6   | Reached skill level 10 in Bows
 17458 | Lair:6   | Reached skill level 10 in Crossbows
 17458 | Lair:6   | Reached skill level 10 in Throwing
 17458 | Lair:6   | Reached skill level 10 in Dodging
 17458 | Lair:6   | Reached skill level 10 in Stealth
 17458 | Lair:6   | Reached skill level 10 in Unarmed Combat
 17458 | Lair:6   | Reached skill level 10 in Spellcasting
 17757 | Lair:2   | Killed from afar by a swamp worm

Illustrated notes

Levels and vault maps discovered:
D:1:      amcnicky_arrival_double_pillar, layout_loops_corners, serial_shops,
          nicolae_shop_bloodbath_and_beyond
D:2:      layout_basic, minmay_pentomino_z2
D:3:      layout_loops_cross, uniq_grinder, uniq_sigmund
D:4:      cheibrodos_thug_alley, layout_cave_pools, trog_hazing_becter
D:5:      layout_basic, gammafunk_ghost_nasty_kobolds, serial_shops, shop
D:6:      layout_basic, minmay_temple_entry_wispy, grunt_potential
D:7:      layout_loops_corners, lightli_minifort
D:8:      layout_cave_pools, serial_gnoll_camp, gnoll_camp_mini_loothouse,
          gnoll_camp_huts_moat, gnoll_camp_medium_02, gnoll_camp_mini_sergeant,
          gnoll_camp_mini_doghouse
D:9:      layout_irregular_city, st_stairs_6, minivault_4,
          hellmonk_guarded_unrand_vines
D:10:     layout_loops_ring, grunt_lair_entry_orc_guard_hut,
          chequers_serial_rivers_micro_d, dk_noncrumbling_4
D:11:     layout_stronghold, hiddenorc1_lemuel, serial_shops, shop,
          minmay_misc_feat_diagonals
D:12:     layout_layer_cave
Temple:   dpeg_three_leaves_temple
Lair:1:   layout_loops_ring, minmay_stone_trees_large, kennysheep_snail_temple
Lair:2:   gammafunk_worm_tunnel, layout_cave_pods, guppyfry_snake_entry_island,
          basic_altar, nicolae_quartered_pool_impasse, uniq_harold
Lair:3:   layout_loops_ring, skrybe_swamp_entry_bodies, lemuel_fruit_tree,
          infiniplex_staircase_pool
Lair:4:   layout_roguey, grunt_megastairs_1
Lair:5:   layout_small_grid, serial_bayou_pond_c, serial_bayou_shore_b
Lair:6:   due_jungle_book, layout_long_grid, minmay_slime_entry_pillars,
          gauntlet_entry_generic

Skill      XL: |  1  2  3  4  5  6  7  8  9 10 11 12 13 14 15 |
---------------+----------------------------------------------+-----
Invocations    | 1 2 3 4 5 6 7 8 9 10 | 10.9
Short Blades   | 1 2 3 4 5 6 7 8 9 10 | 10.0
Long Blades    | 1 2 3 4 5 6 7 8 9 10 | 10.0
Maces & Flails | 1 2 3 4 5 6 7 8 9 10 | 10.0
Polearms       | 1 2 3 4 5 6 7 8 9 10 | 10.0
Staves         | 1 2 3 4 5 6 7 8 9 10 | 10.0
Slings         | 1 2 3 4 5 6 7 8 9 10 | 10.0
Bows           | 1 2 3 4 5 6 7 8 9 10 | 10.0
Crossbows      | 1 2 3 4 5 6 7 8 9 10 | 10.0
Throwing       | 1 2 3 4 5 6 7 8 9 10 | 10.0
Dodging        | 1 2 3 4 5 6 7 8 9 10 | 10.0
Stealth        | 1 2 3 4 5 6 7 8 9 10 | 10.0
Unarmed Combat | 1 2 3 4 5 6 7 8 9 10 | 10.0
Spellcasting   | 1 2 3 4 5 6 7 8 9 10 | 10.0
Evocations     | 1 2 3 4 5 6 8 9 11 12 13 | 13.9
Shields        | 7 8 9 10 11 12 13 14 15 | 15.2
Conjurations   | 1 2 3 4 5 6 7 8 |  8.4
Hexes          | 1 2 3 4 5 6 7 8 |  8.4
Summonings     | 1 2 3 4 5 6 7 8 |  8.4
Necromancy     | 1 2 3 4 5 6 7 8 |  8.4
Translocations | 1 2 3 4 5 6 7 8 |  8.4
Transmutations | 1 2 3 4 5 6 7 8 |  8.4
Fire Magic     | 1 2 3 4 5 6 7 8 |  8.4
Ice Magic      | 1 2 3 4 5 6 7 8 |  8.4
Air Magic      | 1 2 3 4 5 6 7 8 |  8.4
Earth Magic    | 1 2 3 4 5 6 7 8 |  8.4
Poison Magic   | 1 2 3 4 5 6 7 8 |  8.4
Axes           | 5 6 7 8 9 10 11 | 11.0
Fighting       | 7 8 9 10 11 | 11.9
Armour         | 7 8 9 10 11 | 11.9

Action                   |  1- 3 |  4- 6 |  7- 9 | 10-12 | 13-15 || total
-------------------------+-------+-------+-------+-------+-------++-------
Melee: War axe           |    56 |    48 |   299 |   815 |   665 ||  1883
       Bite              |     3 |     2 |    28 |   126 |   147 ||   306
       Morningstar       |       |       |       |    22 |   101 ||   123
Throw: Throwing net      |       |       |       |     3 |     5 ||     8
       Boomerang         |       |       |       |     1 |       ||     1
 Cast: Corpse Rot        |       |       |       |     2 |     1 ||     3
       Borgnjor's Vile C |       |       |       |       |     1 ||     1
Invok: Heroism           |       |       |       |       |     2 ||     2
       Finesse           |       |       |       |       |     1 ||     1
Evoke: Wand              |       |       |     1 |     1 |       ||     2
  Use: Scroll            |     2 |    11 |     7 |    11 |     9 ||    40
       Potion            |       |     3 |     1 |     3 |     3 ||    10
 Stab: Paralysed         |       |       |       |     2 |       ||     2
       Distracted        |       |       |       |     3 |     1 ||     4
       Sleeping          |       |       |       |     6 |     8 ||    14
       Held in net/web   |       |       |       |     1 |       ||     1
       Invisible         |       |       |       |       |     2 ||     2
Armor: Scale mail        |    27 |    15 |    23 |       |       ||    65
       Chain mail        |       |       |   168 |   234 |       ||   402
       Robe              |       |       |       |    77 |   184 ||   261
Dodge: Dodged            |    32 |    17 |   158 |   518 |   565 ||  1290
Block: Buckler           |    17 |    11 |   117 |   429 |   472 ||  1046
